 Dungeon Crawl Stone Soup version 0.32-a0-41-gec2d92a32c (webtiles) character file.

Game seed: 3257594404450558523

379 seren the Changeling (level 6, -5/93 HPs)
             Began as an Oni Shapeshifter on Jan 25, 2024.
             Was an Initiate of Makhleb.
             Slain by a gnoll
             ... wielding a +2 whip of flaming
             ... led by a gnoll bouda
              (8 damage)
             ... on level 3 of the Dungeon.
             The game lasted 00:07:14 (2688 turns).

seren the Changeling (Oni Shapeshifter)             Turns: 2688, Time: 00:07:15

Health: -5/93      AC:  3    Str: 21    XL:     6   Next: 74%
Magic:  6/6        EV: 10    Int: 11    God:    Makhleb [......]
Gold:   256        SH:  0    Dex:  8    Spells: 5/5 levels left

rFire   . .          .
                       - Unarmed
rCold   . . .        (no shield)
rNeg    . . .        a - +0 animal skin
rPois   .            (helmet currently unavailable)
rElec   .            u - melded +0 cloak
rCorr   .            (gloves unavailable)
SInv    .            (boots unavailable)
Will    .....        (no amulet) Stlth
                     (no ring)
HPRegen 0.35/turn    (no ring)
MPRegen 0.10/turn

%: no passive effects
@: berserking, beast-form, very quick
A: beast (slay +2), large, unfitting armour, horns 1, tough skin 1, double
potion healing, drunken brawling
a: Begin Untransformation, Renounce Religion


You were on level 3 of the Dungeon.
You worshipped Makhleb.
Makhleb was noncommittal.
You were a hulking beast.
You visited 1 branch of the dungeon, and saw 4 of its levels.
You also visited: Sewer.

You collected 256 gold pieces.

Inventory:

Hand Weapons
 p - a +1 hand axe of freezing
Missiles
 g - 10 poisoned darts (quivered)
Armour
 a - a +0 animal skin (worn)
 u - a +0 cloak (melded)
Jewellery
 r - a ring of fire
Talismans
 c - a beast talisman (active)
 d - a flux talisman
Scrolls
 e - a scroll of immolation {unknown}
 f - 2 scrolls of noise {unknown}
 h - a scroll of fog {unknown}
 i - 2 scrolls of enchant armour {unknown}
 j - 2 scrolls of identify {unknown}
 k - a scroll of torment {unknown}
 l - a scroll of brand weapon {unknown}
 o - a scroll of revelation {unknown}
 s - 2 scrolls of teleportation {unknown}
 t - a scroll of blinking {!r}
 w - a scroll of vulnerability {unknown}
 x - a scroll of acquirement {unknown}
Potions
 b - a potion of lignification
 m - 2 potions of berserk rage
 n - 2 potions of attraction {unknown}
 q - a potion of heal wounds {unknown}
 v - a potion of enlightenment {unknown}


   Skills:
 + Level 4.2 Fighting
 + Level 3.1 Dodging
 + Level 3.8 Unarmed Combat
 + Level 0.2 Invocations
 * Level 4.8 Shapeshifting


You had 5 spell levels left.
You didn't know any spells.
Your spell library was empty.

Dungeon Overview and Level Annotations

Branches:
Dungeon (4/15)              Sewer (visited)
 Temple: D:4-7

Altars:
Kikubaaqudgha
Makhleb
Zin


Innate Abilities, Weirdness & Mutations

You are a hulking beast.
Your limbs bulge with bestial killing power. (Slay +2)
You are too large for most types of armour.
You have a pair of small horns on your head.
You have tough skin. (AC +1)
You gain doubled healing and magic from potions.
Whenever you drink a healing potion, you attack all around you.


Message History

The gnoll hits you with a +0 whip!
You hit the gnoll.
The gnoll is moderately wounded.
The gnoll barely misses you. The gnoll hits you with a +0 whip.
* * * LOW HITPOINT WARNING * * *
The gnoll hits you from afar with a +0 halberd!
* * * LOW HITPOINT WARNING * * *
The orc barely misses you. The gnoll attacks as it pursues you!
The gnoll misses you.
There is a stone staircase leading up here.
The orc hits you with a +0 dagger.
* * * LOW HITPOINT WARNING * * *
The gnoll hits you from afar with a +0 halberd!
* * * LOW HITPOINT WARNING * * *
The gnoll closely misses you. The gnoll hits you with a +0 whip!
* * * LOW HITPOINT WARNING * * *
The gnoll hits you with a +2 whip of flaming.
* * * LOW HITPOINT WARNING * * *
The gnoll burns you.
* * * LOW HITPOINT WARNING * * *
You climb upwards.
There is a stone staircase leading down here.
The orc hits you but does no damage. The gnoll closely misses you.
The gnoll attacks as it pursues you! The gnoll closely misses you.
The orc attacks as it pursues you! The orc hits you but does no damage.
The gnoll hits you with a +2 whip of flaming.
* * * LOW HITPOINT WARNING * * *
The gnoll burns you.
* * * LOW HITPOINT WARNING * * *
It was a potion of berserk rage.
A red film seems to cover your vision as you go berserk!
You feel yourself moving faster!
You feel mighty! The orc hits you with a +0 dagger.
* * * LOW HITPOINT WARNING * * *
You punch the orc!
You kill the orc!
Makhleb accepts your kill.
You closely miss the gnoll. Your headbutt misses the gnoll.
The gnoll hits you with a +2 whip of flaming!
You die...

.....~~~~~~~~~.#...# ###..
..#..~~~~.~~~~...### #..
.....รท~~~~~~~~..####### ###..
....###########.......# #....
....#.#..# #.....)....# ##....
......#..###..........# ##..#..
<.................)...#####......
##........###...g.....##........#
##...#.......>gh...........###.#
#.#.....##...###..........##..#
#.##.......#....#.........#..##
#..#.....######.......####..###
#..........#..........##...####
#..............).##.#.#..### #.
#................##.#...## #.
#.......#.##....<.....### ##.
##.........##...##.#...# ##..


You could see 2 gnolls.

Vanquished Creatures
  2 bullfrogs (Sewer)
  A bombardier beetle (D:3)
  A gnoll (D:4)
  6 adders
  7 dart slugs
  A ribbon worm (D:3)
  An orc (D:3)
  5 bats
  14 endoplasms
  32 giant cockroaches
  5 goblins
  4 hobgoblins
  4 kobolds
  3 quokkas
  19 ball pythons
  14 frilled lizards
  5 rats
124 creatures vanquished.

Notes
Turn   | Place    | Note
-------+----------+-------------------------------------------
     0 | D:1      | seren the Oni Shapeshifter began the quest for the Orb.
     0 | D:1      | Reached XP level 1. HP: 19/19 MP: 1/1
    69 | D:1      | Found a faded altar of an unknown god.
   148 | D:1      | Reached XP level 2. HP: 28/28 MP: 2/2
   686 | D:2      | Reached XP level 3. HP: 35/35 MP: 3/3
  1088 | D:2      | Reached XP level 4. HP: 44/44 MP: 4/4
  1316 | D:3      | Found a glowing drain.
  1359 | Sewer    | Entered a sewer
  1495 | Sewer    | Reached XP level 5. HP: 50/53 MP: 5/5
  1887 | Sewer    | Reached XP level 6. HP: 44/62 MP: 6/6
  2298 | D:3      | Found a burning altar of Makhleb.
  2301 | D:3      | Found a glowing silver altar of Zin.
  2301 | D:3      | Noticed a balrug
  2301 | D:3      | Noticed an angel
  2313 | D:3      | Became a worshipper of Makhleb the Destroyer
  2617 | D:4      | Found an ancient bone altar of Kikubaaqudgha.
  2682 | D:4      | HP: 3/62 [gnoll/+2 whip of flaming[a gnoll bouda] (1)]
  2688 | D:3      | Slain by a gnoll

Illustrated notes

Levels and vault maps discovered:
D:1:      erik_arrival_blinker_ship, layout_basic,
          shapermc_ecumenical_altar_venn, minivault_24, minivault_26,
          st_stairs_12
D:2:      layout_basic, grunt_decor_fettered
D:3:      minmay_roachtagon, layout_rooms,
          grunt_temple_overflow_order_and_chaos_2, portal_sewer_entry_f
D:4:      layout_basic, nicolae_ru_great_annihilating_truth,
          nicolae_hepliaklqana_hippocampus, kiku_gazebo_garden_becter,
          serial_shops, shop, uniq_duvessa

Skill      XL: |  1  2  3  4  5  6 |
---------------+-------------------+-----
Dodging        | 2 3 |  3.1
Fighting       | 2 3 4 |  4.2
Unarmed Combat | 3 |  3.8
Shapeshifting  | 4 |  4.8
Invocations    | |  0.2

Action                     |  1- 3 |  4- 6 || total
---------------------------+-------+-------++-------
  Melee: Unarmed           |    88 |   221 ||   309
         Headbutt          |    10 |    40 ||    50
         Punch             |     1 |       ||     1
Ability: Begin Untransform |       |     1 ||     1
    Use: Potion            |       |     1 ||     1
   Stab: Sleeping          |     1 |     1 ||     2
 Armour: Animal skin       |    49 |   138 ||   187
  Dodge: Dodged            |    37 |   101 ||   138
   Form: Beast             |       |     1 ||     1

Table legend: (Time is in decaauts)
 A = Elapsed time spent in this place.
 B = Non-inter-level travel time spent in this place.
 C = Inter-level travel time spent in this place.
 D = Time resting spent in this place.
 E = Time spent auto-exploring this place.
 F = Levels seen in this place.
 G = Mean time per level.
                   A        B        C        D        E       F      G
               +--------+--------+--------+--------+--------+-----+--------+
         Total |   2668 |   2596 |     72 |    426 |   1179 |   5 |  533.6 |
       Dungeon |   1886 |   1814 |     72 |     58 |   1162 |   4 |  471.5 |
         Sewer |    782 |    782 |      0 |    368 |     17 |   1 |  782.0 |
               +--------+--------+--------+--------+--------+-----+--------+

Top non-repeatable levels by time:
   Sewer: 782 daAuts
     D:3: 667 daAuts
     D:1: 601 daAuts
     D:2: 544 daAuts
     D:4: 72 daAuts
